 Dungeon Crawl Stone Soup version 0.21.1-1-g345015f (webtiles) character file.

284 Mesmaeker13 the Skirmisher (level 5, 0/45 HPs)
             Began as a Demigod Wanderer on Mar 18, 2018.
             Succumbed to a worker ant's poison
             ... on level 4 of the Dungeon.
             The game lasted 00:07:29 (3488 turns).

Mesmaeker13 the Skirmisher (Demigod Wanderer)       Turns: 3488, Time: 00:07:30

Health: 0/45       AC: 12    Str: 16    XL:     5   Next: 79%
Magic:  7/7        EV:  3    Int: 16    God:
Gold:   179        SH:  9    Dex: 16    Spells: 4/4 levels left

rFire    . . .     SeeInvis .   b - +0 falchion
rCold    . . .     Gourm    .   a - +0 shield
rNeg     . . .     Faith    .   d - +0 plate armour
rPois    .         Spirit   .   (no helmet)
rElec    .         Reflect  .   (no cloak)
rCorr    .         Harm     .   (no gloves)
MR       .....                  o - +0 pair of boots
Stlth    ..........             (no amulet)
HPRegen  0.15/turn              g - ring of wizardry
MPRegen  0.10/turn              (no ring)

@: lethally poisoned (0 -> -5)
A: high mp 1
a: no special abilities


You were on level 4 of the Dungeon.
You were not hungry.

You visited 1 branch of the dungeon, and saw 4 of its levels.

You collected 179 gold pieces.

Inventory:

Hand Weapons
 b - a +0 falchion (weapon)
Armour
 a - a +0 shield (worn)
 d - a +0 plate armour (worn)
 o - a +0 pair of boots (worn)
Jewellery
 g - a ring of wizardry (left hand)
Scrolls
 e - a scroll of fog
 h - a scroll of immolation
 i - a scroll of enchant weapon {unknown}
 j - a scroll of teleportation
 k - a scroll of amnesia {unknown}
 l - 2 scrolls of remove curse
 m - a scroll of enchant armour
 s - a scroll of fear {unknown}
Potions
 c - a potion of curing
 n - a potion of magic {unknown}
 p - a potion of flight {unknown}
 q - 2 potions of might {unknown}
Comestibles
 f - 2 rations
 r - a chunk of flesh


   Skills:
 + Level 3.2 Fighting
 + Level 2.8 Long Blades
 - Level 1.0 Throwing
 + Level 2.5 Armour
 - Level 2.6 Dodging
 - Level 1.7 Stealth
 + Level 2.8 Shields


You had 4 spell levels left.
You didn't know any spells.

Dungeon Overview and Level Annotations

Branches:
Dungeon (4/15)
 Temple: D:4-7


Innate Abilities, Weirdness & Mutations

You have an increased reservoir of magic. (+10% MP)


Message History

* * * LOW HITPOINT WARNING * * *
You are more poisoned.
The worker ant poisons you!
You closely miss the worker ant.
The worker ant is severely wounded.
* * * LOW HITPOINT WARNING * * *
You feel sick.
The worker ant bites you but does no damage.
Your plate armour prevents you from hitting the worker ant.
The worker ant is severely wounded.
The worker ant waves its antennae.
The worker ant bites you but does no damage.
You block the worker ant's attack.
You hit the worker ant.
The worker ant is almost dead.
* * * LOW HITPOINT WARNING * * *
You feel sick. The worker ant barely misses you.
Your shield and plate armour prevent you from hitting the worker ant.
The worker ant is almost dead.
You die...

##########
#........#...
..#...<....#......
...................#
..........#..#.#...#
.....###.@#...).....
###..#..a.#.#......
#. #.#..#......# .
...#.........#
##..###....#.#..###
#..................
#...#.###..#a......
.. ...#..[.>.......
### ####.#..#.#..


You could see a worker ant.

Vanquished Creatures
  A scorpion (D:4)
  A hound (D:3)
  An orc wizard (D:3)
  2 worker ants (D:4)
  6 gnolls
  2 adders (D:2)
  5 worms
  2 leopard geckos
  An orc (D:3)
  A ball python (D:2)
  2 bats (D:3)
  2 giant cockroaches
  3 hobgoblins (D:1)
  3 jackals (D:3)
  3 kobolds
  2 quokkas (D:3)
  3 frilled lizards
  6 goblins
  4 rats
50 creatures vanquished.

Notes
Turn   | Place    | Note
-------+----------+-------------------------------------------
     0 | D:1      | Mesmaeker13 the Demigod Wanderer began the quest for the Orb.
     0 | D:1      | Mesmaeker13 set off with: a +0 shield, a +0 falchion, a potion of curing, a +0 robe, a +0 dagger, a ration
     0 | D:1      | Reached XP level 1. HP: 17/17 MP: 3/3
   350 | D:1      | Reached skill level 2 in Fighting
   394 | D:1      | Reached XP level 2. HP: 19/24 MP: 4/4
   837 | D:2      | HP: 1/24 [worm (6)]
   939 | D:2      | Reached skill level 1 in Armour
  1067 | D:2      | Reached XP level 3. HP: 26/29 MP: 5/5
  1577 | D:2      | Reached XP level 4. HP: 27/37 MP: 6/6
  2857 | D:3      | Noticed an ogre
  3146 | D:3      | Reached XP level 5. HP: 44/44 MP: 7/7
  3170 | D:4      | Reached skill level 3 in Fighting
  3484 | D:4      | HP: 2/45 [worker ant (3)]
  3488 | D:4      | Succumbed to a worker ant's poison

Skill      XL: |  1  2  3  4  5 |
---------------+----------------+-----
Fighting       | 2 3 |  3.2
Armour         | 1 2 |  2.5
Long Blades    | 2 |  2.8
Shields        | 2 |  2.8
Throwing       | |  1.0
Dodging        | |  2.6
Stealth        | |  1.7

Action                   |  1- 3 |  4- 6 || total
-------------------------+-------+-------++-------
Melee: Falchion          |   134 |   221 ||   355
  Use: Scroll            |     2 |     3 ||     5
       Potion            |     1 |     1 ||     2
 Stab: Sleeping          |     1 |       ||     1
  Eat: Chunk             |     2 |     7 ||     9
Armor: Robe              |     3 |       ||     3
       Plate armour      |    42 |   154 ||   196
Dodge: Dodged            |    27 |    35 ||    62
Block: Shield            |    50 |   106 ||   156
       Rpst.: Falchion   |     9 |    16 ||    25
